 Dungeon Crawl Stone Soup version 0.29.1-15-g9cfb28693d (webtiles) character file.

Game seed: 5736027328818994212

16 hawla the Chiller (level 3, -2/26 HPs)
             Began as a Meteoran Ice Elementalist on Apr 12, 2023.
             Slain by an orc
             ... wielding a +0 trident
              (6 damage)
             ... on level 4 of the Dungeon on Apr 13, 2023.
             The game lasted 00:01:38 (203 turns).

hawla the Chiller (Meteoran Ice Elementalist)        Turns: 203, Time: 00:01:39

Health: -2/26      AC:  2    Str:  9    XL:     3   Next: 0%
Magic:  8/8        EV: 12    Int: 19    God:
Gold:   26         SH:  0    Dex: 14    Spells: 7/8 levels left

rFire   . . .      SeeInvis .   (no weapon)
rCold   . . .      Faith    .   (no shield)
rNeg    . . .      Spirit   .   a - +0 robe
rPois   .          Reflect  .   (no helmet)
rElec   .          Harm     .   (no cloak)
rCorr   .          Rampage  .   (no gloves)
Will    .....                   (no boots)
Stlth   +.........              (no amulet)
HPRegen 0.08/turn               (no ring)
MPRegen 0.11/turn               (no ring)

@: lethally poisoned (-2 -> -4), glowing
A: sense surroundings 1, otherworldly, glowing, explore regen
a: no special abilities


You were on level 4 of the Dungeon.
You visited 1 branch of the dungeon, and saw 4 of its levels.

You collected 26 gold pieces.

Inventory:

Armour
 a - a +0 robe (worn)
Scrolls
 c - a scroll of immolation {unknown}
 d - a scroll of fear {unknown}


   Skills:
 + Level 2.5 Dodging
 - Level 1.4 Stealth
 + Level 3.0 Spellcasting
 + Level 4.9 Ice Magic


You had 7 spell levels left.
You knew the following spells:

 Your Spells              Type           Power      Damage    Failure   Level
a - Freeze                Ice            84%        1d10      1%          1

Your spell library contained the following spells:

 Spells                   Type           Power      Damage    Failure   Level
 Frozen Ramparts          Ice            42%        1d7       6%          3
 Ozocubu's Armour         Ice            21%        N/A       6%          3
 Hailstorm                Conj/Ice       12%        3d5       50%         4
 Summon Forest            Summ/Tloc      1%         N/A       99%         5
 Summon Mana Viper        Hex/Summ       2%         N/A       99%         5
 Summon Cactus Giant      Summ           1%         N/A       100%        6


Dungeon Overview and Level Annotations

Branches:
Dungeon (4/15) Zot: 2196   Temple (0/1) D:4

Altars:


Innate Abilities, Weirdness & Mutations

You passively map a small area around you.
You are easily found by Zot.
You glow in the dark.
You regain HP and MP as you explore.


Message History

Your Spellcasting skill increases to level 3!
An orc comes into view. It is wielding a +0 hand axe.
Found a staircase to the Ecumenical Temple.
You feel sick.
The orc shouts!
The orc priest hits you but does no damage.
The goblin hits you with a +0 club. The orc closely misses you.
Casting: Freeze (safe; 2% risk of failure)
Confirm with . or Enter, or press ? or * to list all spells.
Aiming: Freeze (safe; 2% risk of failure)
Press: ? - help, Shift-Dir - straight line, f - goblin
Aim: a goblin, wielding a +0 club You freeze the goblin!
You kill the goblin!
You feel sick. The orc priest closely misses you.
An orc comes into view. It is wielding a +0 mace.
The orc closely misses you.
You have reached level 3!
Your experience leads to an increase in your attributes!
Increase (S)trength, (I)ntelligence, or (D)exterity?
You feel clever. x3
Casting: Freeze (safe; 1% risk of failure)
Confirm with . or Enter, or press ? or * to list all spells.
Aiming: Freeze (safe; 1% risk of failure)
Press: ? - help, Shift-Dir - straight line, f - orc priest
Aim: an orc priest, wielding a +0 dagger You freeze the orc priest.
The orc priest is moderately wounded.
You feel sick.
The giant cockroach bites you but does no damage.
The orc priest hits you with a +0 dagger.
The orc hits you from afar with a +0 trident!
* * * LOW HITPOINT WARNING * * *
Unknown command.
Okay, then.
Magic courses through your body.
You feel sick.
The giant cockroach bites you but does no damage.
The orc priest misses you.
The orc hits you from afar with a +0 trident.
You die...

#.#.....## #........#*
#.........#* ##........#
#..........###..#.......#
#...........#..###......#
#.............## #.....
#.............## *#...
#..............## .##,
#...............# ,#
#.............)@# ,
..........oB.8⌠.#
..........o.oo.... ,
,.............8⌠.>.
.......<..#.o....
.........#.8o... *
.......##...... .......
##...., , , ,


You could see an orc priest, 5 orcs and a giant cockroach.

Vanquished Creatures
  An adder (D:4)
  2 ball pythons (D:1)
  A goblin (D:4)
  A kobold (D:1)
  A bat (D:1)
  2 rats (D:3)
8 creatures vanquished.

Notes
Turn   | Place    | Note
-------+----------+-------------------------------------------
     0 | D:1      | hawla the Meteoran Ice Elementalist began the quest for the
                  | Orb.
     0 | D:1      | Reached XP level 1. HP: 14/14 MP: 5/5
   140 | D:3      | Reached XP level 2. HP: 20/20 MP: 4/6
   200 | D:4      | Found a staircase to the Ecumenical Temple.
   202 | D:4      | Reached XP level 3. HP: 16/26 MP: 2/8
   203 | D:4      | Slain by an orc

Illustrated notes

Levels and vault maps discovered:
D:1:      grunt_arrival_crossed_arrows, layout_basic, serial_shops, shop_statue
D:2:      minmay_alternating_diamond, layout_rooms,
          dreamdust_ecumenical_altar_statues, item_on_display_b
D:3:      layout_basic, portal_sewer_entry_f, uniq_terence
D:4:      layout_cave_pods, grunt_temple_overflow_forces_of_nature,
          minmay_temple_entry_drinking_statues, uniq_ijyb

Skill      XL: |  1  2 |
---------------+-------+-----
Spellcasting   | 3 |  3.0
Dodging        | |  2.5
Stealth        | |  1.4
Ice Magic      | |  4.9

Action                   || total
-------------------------++-------
Melee: Unarmed           ||     3
 Cast: Freeze            ||    14
  Use: Potion            ||     1
Armor: Robe              ||     5
Dodge: Dodged            ||    13
